 Dungeon Crawl Stone Soup version 0.25.1-2-g60ff931df9 (webtiles) character file.

Game seed: 9408862353821269919

146 gruber the Ruffian (level 5, -1/50 HPs)
             Began as a Troll Monk on Dec 2, 2020.
             Was a Believer of Okawaru.
             Slain by a gnoll
             ... wielding a +0 spear
              (3 damage)
             ... on level 3 of the Dungeon.
             The game lasted 00:01:49 (1449 turns).

gruber the Ruffian (Troll Monk)                     Turns: 1449, Time: 00:01:49

Health: -1/50      AC:  6    Str: 20    XL:     5   Next: 7%
Magic:  4/4        EV:  5    Int:  6    God:    Okawaru [**....]
Gold:   114        SH:  0    Dex: 12    Spells: 4/4 levels left

rFire    . . .     SeeInvis .     - Unarmed
rCold    . . .     Gourm    +   (no shield)
rNeg     . . .     Faith    .   a - +0 robe
rPois    .         Spirit   .   (helmet restricted)
rElec    .         Reflect  .   (no cloak)
rCorr    .         Harm     .   (gloves unavailable)
MR       .....                  (boots unavailable)
Stlth    ++........             (no amulet)
HPRegen  0.56/turn              (no ring)
MPRegen  0.09/turn              (no ring)

@: held
A: large, unfitting armour, claws 3, fast metabolism 3, gourmand, regeneration
1, shaggy fur 1, tough skin 3
a: Heroism, Renounce Religion


You were on level 3 of the Dungeon.
You worshipped Okawaru.
Okawaru was pleased with you.
You were completely stuffed.

You visited 1 branch of the dungeon, and saw 3 of its levels.

You collected 114 gold pieces.

Inventory:

Armour
 a - a +0 robe (worn)
Scrolls
 d - a scroll of magic mapping {unknown}
 f - a scroll of immolation {unknown}
 j - a scroll of fear {unknown}
 l - a scroll of fog {unknown}
 o - a scroll of teleportation {unknown}
Potions
 c - 6 potions of curing {unknown}
 e - a potion of degeneration {unknown}
 g - a potion of heal wounds {unknown}
 h - a potion of stabbing {unknown}
 i - a potion of haste {unknown}
 k - a potion of might {unknown}
 m - a potion of brilliance {unknown}
Comestibles
 b - 5 rations
 n - a chunk of flesh


   Skills:
 - Level 2.4 Fighting
 - Level 2.4 Dodging
 - Level 1.0 Stealth
 + Level 5.7 Unarmed Combat
 + Level 0.2 Invocations


You had 4 spell levels left.
You didn't know any spells.
Your spell library contained the following spells:

 Spells                   Type           Power        Failure   Level  Hunger
 Beastly Appendage        Tmut           #.....       45%         1    ##.....
 Sticks to Snakes         Tmut           #.......     58%         2    ###....
 Spider Form              Tmut/Pois      #.........   83%         3    ####...
 Ice Form                 Ice/Tmut       #.......     99%         4    #####..
 Blade Hands              Tmut           #.........   100%        5    ######.


Dungeon Overview and Level Annotations

Branches:
Dungeon (3/15)

Altars:
Kikubaaqudgha
Makhleb
Nemelex Xobeh
Okawaru
Qazlal
Yredelemnul
The Shining One


Innate Abilities, Weirdness & Mutations

You are too large for most types of armour.
You have claws for hands.
Your metabolism is lightning-fast.
You like to eat raw meat.
Your natural rate of healing is unusually fast.
You are covered in fur. (AC +1)
You have extremely tough skin. (AC +3)


Message History

* * * LOW HITPOINT WARNING * * *
There is a stone staircase leading up here.
You see here a throwing net.
You can't do that while held in a net.
Unknown command.
Unknown command.
There are no objects that can be picked up here. a throwing net Unknown command.
You struggle against the net.
The bat barely misses you.
The gnoll hits you from afar with a +0 spear.
* * * LOW HITPOINT WARNING * * *
The gnoll hits you from afar with a +0 spear.
* * * LOW HITPOINT WARNING * * *
Unknown command.
You struggle against the net.
The bat hits you but does no damage.
The gnoll hits you from afar with a +0 spear.
* * * LOW HITPOINT WARNING * * *
The gnoll hits you from afar with a +0 spear.
You die...

...... ##.......#
....._ ###..###.###
..._.. ###...## .#
#..... ##...#####
._..8 ..
###..###.... ....
..#####...###.....
._..
.(......####......
# .._
................(.
###..
####...@.†........
.....
#...b.†.)......
##.#.
.####.g.g...)......
.....
...g.o.............
...##
....ooo............
...#
......#..####......
..... ......##.#
..>... ####. ......
#.. ...... .....
##.# #.....


You could see an orc priest, 3 gnolls, 3 orcs and a bat.

Vanquished Creatures
  Jessica (D:2)
  Robin (D:2)
  2 adders
  3 oozes
  A worm (D:2)
  2 dart slugs (D:1)
  A leopard gecko (D:3)
  2 ball pythons
  2 giant cockroaches (D:2)
  12 hobgoblins
  4 jackals (D:3)
  5 kobolds
  7 bats
  5 frilled lizards
  14 goblins
  5 rats
67 creatures vanquished.

Notes
Turn   | Place    | Note
-------+----------+-------------------------------------------
     0 | D:1      | gruber the Troll Monk began the quest for the Orb.
     0 | D:1      | Reached XP level 1. HP: 22/22 MP: 0/0
   116 | D:1      | Reached XP level 2. HP: 22/29 MP: 1/1
   173 | D:1      | Found an iron altar of Okawaru.
   213 | D:1      | Reached skill level 4 in Unarmed Combat
   239 | D:1      | Became a worshipper of Warmaster Okawaru
   239 | D:1      | Reached * piety under Okawaru
   239 | D:1      | Reached ** piety under Okawaru
   498 | D:2      | Reached XP level 3. HP: 36/36 MP: 2/2
   540 | D:2      | Noticed Robin
   582 | D:2      | Killed Robin
   687 | D:2      | Reached XP level 4. HP: 40/44 MP: 3/3
   742 | D:2      | Noticed Jessica
   756 | D:2      | Killed Jessica
   756 | D:2      | Reached skill level 5 in Unarmed Combat
   807 | D:2      | Found a sparkling altar of Nemelex Xobeh.
  1330 | D:3      | Found a glowing golden altar of the Shining One.
  1330 | D:3      | Found an ancient bone altar of Kikubaaqudgha.
  1333 | D:3      | Found a basalt altar of Yredelemnul.
  1333 | D:3      | Found a stormy altar of Qazlal.
  1333 | D:3      | Found a burning altar of Makhleb.
  1430 | D:3      | Reached XP level 5. HP: 50/50 MP: 4/4
  1448 | D:3      | HP: 2/50 [gnoll/+0 spear (2)]
  1449 | D:3      | Slain by a gnoll

Illustrated notes

Levels and vault maps discovered:
D:1:      zaba_arrival_water, layout_rooms, okawaru_ov_weapons_minmay
D:2:      layout_loops_ring, nemelex_xobeh_ov_fountains_minmay, led_sif_pool,
          uniq_jessica, uniq_robin
D:3:      layout_rooms, gammafunk_temple_overflow_arena,
          grunt_temple_overflow_open

Skill      XL: |  1  2  3  4 |
---------------+-------------+-----
Unarmed Combat | 4 5 |  5.7
Fighting       | |  2.4
Dodging        | |  2.4
Stealth        | |  1.0
Invocations    | |  0.2

Action                   |  1- 3 |  4- 6 || total
-------------------------+-------+-------++-------
Melee: Unarmed           |    78 |    66 ||   144
       Punch             |     2 |       ||     2
Invok: Heroism           |     1 |       ||     1
 Stab: Sleeping          |     1 |     1 ||     2
  Eat: Chunk             |    12 |     7 ||    19
Armor: Robe              |    26 |    26 ||    52
Dodge: Dodged            |    49 |    45 ||    94
